 Dungeon Crawl Stone Soup version 0.21.1-1-g345015fe64 (webtiles) character file.

60 Kohma the Skirmisher (level 3, 0/30 HPs)
             Began as a Demonspawn Berserker on June 20, 2018.
             Was a Believer of Trog.
             Slain by an orc warrior
             ... wielding a +0 scimitar
              (15 damage)
             ... on level 3 of the Dungeon.
             The game lasted 00:07:31 (1874 turns).

Kohma the Skirmisher (Demonspawn Berserker)         Turns: 1874, Time: 00:07:31

Health: 0/30       AC: 15    Str: 18    XL:     3   Next: 80%
Magic:  3/3        EV: 10    Int:  8    God:    Trog [**....]
Gold:   93         SH:  0    Dex: 12    Spells: 2/2 levels left

rFire    . . .     SeeInvis .   a - +1 spear
rCold    . . .     Gourm    .   (no shield)
rNeg     . . .     Faith    .   v - +0 scale mail
rPois    .         Spirit   .   r - +2 helmet
rElec    .         Reflect  .   (no cloak)
rCorr    .         Harm     .   (no gloves)
MR       .....                  (no boots)
Stlth    ..........             (no amulet)
HPRegen  0.10/turn              (no ring)
MPRegen  0.08/turn              (no ring)

@: sanguine armour
A: spiny 1, sanguine armour 1
a: Berserk, Trog's Hand, Burn Spellbooks, Renounce Religion


You were on level 3 of the Dungeon.
You worshipped Trog.
Trog was pleased with you.
You were very hungry.

You visited 1 branch of the dungeon, and saw 3 of its levels.

You collected 93 gold pieces.

Inventory:

Hand Weapons
 a - a +1 spear (weapon)
Missiles
 k - 35 bolts
Armour
 r - a +2 helmet (worn)
 v - a +0 scale mail (worn)
Scrolls
 b - a scroll of magic mapping {unknown}
 g - 7 scrolls of teleportation
 m - 2 scrolls of remove curse
Potions
 j - a potion of curing
 n - a potion of ambrosia
 o - a potion of berserk rage {unknown}
 p - a potion of lignification {unknown}
Comestibles
 c - 3 rations


   Skills:
 * Level 3.7 Fighting
 * Level 3.4 Polearms
 + Level 2.3 Armour
 - Level 1.7 Dodging


You had 2 spell levels left.
You didn't know any spells.

Dungeon Overview and Level Annotations

Branches:
Dungeon (3/15)

Altars:

Annotations:
D:3 Bapho's ghost, amateur DEWz


Innate Abilities, Weirdness & Mutations

You are partially covered in sharp spines.
When seriously injured, your bleeding wounds create armour. (AC +6)


Message History

The orc wizard casts a spell.
The orc wizard blinks!
You hit the orc.
You kill the orc!
Trog accepts your kill.
You hit the orc warrior but do no damage.
The orc warrior hits you with a scimitar!
Ouch! That really hurt!
Your blood congeals into armour.
You barely miss the orc warrior.
The orc wizard casts a spell.
The orc wizard blinks!
The orc warrior hits you but does no damage.
You hit the orc warrior but do no damage.
You hit the orc warrior but do no damage.
The orc warrior closely misses you.
You barely miss the orc warrior.
The orc warrior hits you with a scimitar!
Ouch! That really hurt!
You die...

+.........#
#.........#
#.........#
#######.###
# #.# #.
#.# .##..
#.#
.....o##.#
.....oo@.#
...#######


You could see an orc warrior, an orc wizard and an orc.

Vanquished Creatures
  2 adders (D:2)
  An ooze (D:1)
  A worm (D:2)
  A dart slug (D:2)
  An orc (D:3)
  A ball python (D:1)
  2 giant cockroaches
  4 hobgoblins
  5 bats
  A frilled lizard (D:2)
  4 goblins
  3 kobolds
  7 rats
33 creatures vanquished.

Vanquished Creatures (others)
  5 toadstools (D:1)
5 creatures vanquished.

Grand Total: 38 creatures vanquished

Notes
Turn   | Place    | Note
-------+----------+-------------------------------------------
     0 | D:1      | Kohma the Demonspawn Berserker began the quest for the Orb.
     0 | D:1      | Reached XP level 1. HP: 18/18 MP: 1/1
   318 | D:1      | Gained mutation: When seriously injured, your bleeding wounds create armour. (AC +6) [demonic ancestry]
   318 | D:1      | Reached XP level 2. HP: 16/24 MP: 2/2
  1100 | D:1      | Gained mutation: You are partially covered in sharp spines. [demonic ancestry]
  1100 | D:1      | Reached XP level 3. HP: 21/29 MP: 3/3
  1278 | D:2      | Reached ** piety under Trog
  1507 | D:3      | Noticed Bapho's ghost (amateur DEWz)
  1865 | D:3      | Noticed an orc warrior
  1874 | D:3      | Slain by an orc warrior

Skill      XL: |  1  2 |
---------------+-------+-----
Polearms       | 3 |  3.4
Armour         | 2 |  2.3
Fighting       | |  3.7
Dodging        | |  1.7

Action                   || total
-------------------------++-------
Melee: Spear             ||   151
  Use: Scroll            ||    12
  Eat: Chunk             ||     2
Armor: Animal skin       ||    20
       Leather armour    ||    20
       Scale mail        ||     1
Dodge: Dodged            ||   102
